General information
- name: BNet
- type: Ladder team game (AT/RT)
- host: Battle.net
- saver: BloodAndTears
map: Mur'gulOasis
- players: 8
- length: 39:27
- speed: Fast
- version: 1.26 W3XP
- replay type: Public
» download(277 KB)
Players
team 1 (loser)
shame (
red | 45 APM | 1613 actions | 35:46)
7 Death Knight
3 Death Coil
3 Unholy Aura
1 Animate Dead
6 Lich
3 Frost Nova
2 Frost Armor
1 Death and Decay
» actions
| Assign group hotkey | 3 | |
| Basic commands | 2 | |
| Build / train | 69 | |
| Enter build submenu | 16 | |
| Enter hero's abilities submenu | 13 | |
| Give item / drop item | 1 | |
| Remove unit from queue | 1 | |
| Right click | 1051 | |
| Select / deselect | 375 | |
| Select group hotkey | 3 | |
| Use ability | 79 | |
1613 total
» units
| Acolyte | 3 | |
| Ghoul | 2 | |
| Crypt Fiend | 15 | |
| Obsidian Statue | 3 | |
| Frost Wyrm | 5 | |
28 total
» upgrades
| Web | 1 | |
| Burrow | 1 | |
| Creature Attack | 3 | |
| Destroyer Form | 1 | |
| Freezing Breath | 1 | |
| Creature Carapace | 2 | |
9 total
» buildings
| Graveyard | 1 | |
| Crypt | 1 | |
| Altar of Darkness | 1 | |
| Ziggurat | 6 | |
| Tomb of Relics | 1 | |
| Halls of the Dead | 1 | |
| Slaughterhouse | 1 | |
| Black Citadel | 1 | |
| Sacrificial Pit | 1 | |
| Boneyard | 2 | |
16 total
» build order
00:21 Graveyard
00:28 Crypt
00:53 Altar of Darkness
01:05 Ziggurat
01:17 Tomb of Relics
01:44 Ziggurat
03:49 Ziggurat
04:57 Halls of the Dead
05:31 Ziggurat
07:25 Slaughterhouse
12:51 Black Citadel
14:13 Sacrificial Pit
14:19 Ziggurat
15:19 Boneyard
15:27 Boneyard
15:32 Ziggurat
» items
| Rod of Necromancy | 1 | |
| Periapt of Vitality | 1 | |
| Scroll of Town Portal | 5 | |
| Potion of Healing | 2 | |
| Scroll of Speed | 1 | |
| Orb of Lightning | 1 | |
11 total
alesman227 (
pink | 29 APM | 1139 actions | 39:26)
5 Mountain King
3 Storm Bolt
1 Bash
1 Thunder Clap
1 Paladin
1 Holy Light
» actions
| Basic commands | 46 | |
| Build / train | 84 | |
| Enter build submenu | 33 | |
| Enter hero's abilities submenu | 6 | |
| Give item / drop item | 3 | |
| Right click | 410 | |
| Select / deselect | 460 | |
| Use ability | 97 | |
1139 total
» units
| Peasant | 9 | |
| Footman | 5 | |
| Spell Breaker | 5 | |
| Mortar Team | 11 | |
| Siege Engine | 7 | |
| Knight | 3 | |
40 total
» upgrades
| Masonry | 4 | |
| Plating | 2 | |
| Lumber Harvesting | 1 | |
| Gunpowder | 1 | |
| Fragmentation Shards | 1 | |
| Swords | 1 | |
| Control Magic | 1 | |
| Barrage | 1 | |
| Flare | 1 | |
13 total
» buildings
| Altar of Kings | 1 | |
| Farm | 15 | |
| Barracks | 1 | |
| Arcane Vault | 2 | |
| Scout Tower | 9 | |
| Arcane Tower | 2 | |
| Keep | 1 | |
| Lumber Mill | 1 | |
| Blacksmith | 1 | |
| Castle | 1 | |
| Arcane Sanctum | 1 | |
| Workshop | 1 | |
| Guard Tower | 5 | |
41 total
» build order
00:11 Altar of Kings
00:17 Farm
00:54 Farm
01:15 Barracks
01:31 Farm
01:50 Arcane Vault
02:08 Farm
02:25 Farm
02:36 Scout Tower
02:47 Scout Tower
03:04 Arcane Tower
03:16 Arcane Tower
03:48 Keep
04:15 Lumber Mill
04:37 Blacksmith
06:11 Castle
06:38 Arcane Sanctum
07:10 Workshop
08:35 Farm
09:27 Farm
10:12 Farm
11:16 Farm
12:04 Farm
12:25 Scout Tower
12:26 Scout Tower
12:28 Scout Tower
12:31 Scout Tower
13:09 Guard Tower
13:20 Guard Tower
14:18 Scout Tower
14:33 Arcane Vault
14:58 Scout Tower
15:01 Guard Tower
15:10 Farm
15:29 Scout Tower
15:30 Guard Tower
17:42 Guard Tower
18:30 Farm
19:23 Farm
20:03 Farm
21:13 Farm
» items
| Scroll of Regeneration | 2 | |
| Lesser Clarity Potion | 2 | |
| Boots of Speed | 1 | |
| Staff of Teleportation | 1 | |
| Scroll of Town Portal | 2 | |
| Potion of Healing | 2 | |
| Orb of Corruption | 1 | |
| Orb of Lightning | 1 | |
| Healing Salve | 2 | |
14 total
ColdHearted (
green | 89 APM | 3494 actions | 39:26)
7 Blademaster
3 Wind Walk
3 Critical Strike
1 Bladestorm
» actions
| Assign group hotkey | 122 | |
| Basic commands | 243 | |
| Build / train | 136 | |
| ESC pressed | 8 | |
| Enter build submenu | 43 | |
| Enter hero's abilities submenu | 7 | |
| Give item / drop item | 7 | |
| Right click | 1280 | |
| Select / deselect | 432 | |
| Select group hotkey | 989 | |
| Use ability | 227 | |
3494 total
» units
| Peon | 12 | |
| Grunt | 14 | |
| Wind Rider | 5 | |
| Raider | 4 | |
| Kodo Beast | 2 | |
| Demolisher | 2 | |
| Troll Headhunter/Berserker | 9 | |
48 total
» upgrades
| Berserker Strength | 1 | |
| Armor | 3 | |
| Ranged Weapons | 4 | |
| Envenomed Spears | 1 | |
| Reinforced Defenses | 1 | |
| Spiked Barricades | 4 | |
| Melee Weapons | 3 | |
| Ensnare | 1 | |
| War Drums Damage Increase | 1 | |
| Burning Oil | 1 | |
| Berserker Upgrade | 2 | |
| Troll Regeneration | 1 | |
| Pillage | 1 | |
24 total
» buildings
| Orc Burrow | 7 | |
| Altar of Storms | 1 | |
| Barracks | 2 | |
| Voodoo Lounge | 3 | |
| Stronghold | 1 | |
| War Mill | 1 | |
| Watch Tower | 23 | |
| Fortress | 4 | |
| Beastiary | 2 | |
| Great Hall | 1 | |
45 total
» build order
00:12 Orc Burrow
00:50 Altar of Storms
00:53 Barracks
01:05 Orc Burrow
02:22 Orc Burrow
03:07 Voodoo Lounge
03:53 Stronghold
05:01 Orc Burrow
05:35 War Mill
07:29 Watch Tower
07:30 Watch Tower
07:31 Watch Tower
07:36 Fortress
07:36 Fortress
07:36 Fortress
08:03 Beastiary
08:09 Beastiary
10:28 Orc Burrow
12:11 Great Hall
12:57 Watch Tower
12:58 Watch Tower
13:34 Watch Tower
14:07 Watch Tower
14:14 Watch Tower
14:24 Watch Tower
15:00 Watch Tower
15:22 Watch Tower
15:27 Watch Tower
15:54 Watch Tower
16:01 Watch Tower
16:02 Watch Tower
16:22 Watch Tower
16:25 Watch Tower
16:46 Orc Burrow
16:50 Watch Tower
17:00 Watch Tower
17:10 Watch Tower
17:11 Watch Tower
17:12 Watch Tower
19:59 Voodoo Lounge
20:04 Voodoo Lounge
28:25 Orc Burrow
28:35 Barracks
36:10 Watch Tower
» items
| Healing Salve | 11 | |
| Lesser Clarity Potion | 6 | |
| Boots of Speed | 1 | |
| Staff of Teleportation | 1 | |
| Periapt of Vitality | 1 | |
| Orb of Lightning | 1 | |
| Scroll of Town Portal | 2 | |
| Potion of Lesser Invulnerability | 1 | |
24 total
SWEET-MONROE (
yellow | 69 APM | 2723 actions | 39:26)
6 Archmage
3 Summon Water Elemental
2 Brilliance Aura
1 Mass Teleport
2 Mountain King
1 Storm Bolt
1 Bash
» actions
| Assign group hotkey | 36 | |
| Basic commands | 11 | |
| Build / train | 80 | |
| Enter build submenu | 21 | |
| Enter hero's abilities submenu | 8 | |
| Give item / drop item | 2 | |
| Remove unit from queue | 1 | |
| Right click | 1356 | |
| Select / deselect | 302 | |
| Select group hotkey | 799 | |
| Use ability | 107 | |
2723 total
» units
» upgrades
| Lumber Harvesting | 2 | |
| Masonry | 1 | |
| Storm Hammers | 1 | |
| Animal War Training | 1 | |
| Swords | 2 | |
| Armor | 2 | |
9 total
» buildings
| Altar of Kings | 1 | |
| Farm | 10 | |
| Scout Tower | 7 | |
| Arcane Tower | 2 | |
| Lumber Mill | 1 | |
| Keep | 4 | |
| Arcane Vault | 1 | |
| Blacksmith | 1 | |
| Guard Tower | 9 | |
| Castle | 1 | |
| Gryphon Aviary | 2 | |
| Barracks | 1 | |
| Town Hall | 2 | |
42 total
» build order
00:08 Altar of Kings
00:22 Farm
00:39 Scout Tower
01:10 Arcane Tower
01:10 Arcane Tower
01:20 Farm
01:43 Lumber Mill
02:28 Keep
02:29 Keep
02:29 Keep
02:47 Arcane Vault
02:59 Farm
03:14 Scout Tower
03:15 Scout Tower
03:15 Scout Tower
03:32 Blacksmith
03:48 Guard Tower
03:49 Guard Tower
03:49 Guard Tower
04:05 Guard Tower
04:05 Guard Tower
04:09 Guard Tower
04:58 Castle
05:35 Gryphon Aviary
05:40 Gryphon Aviary
06:10 Farm
06:12 Farm
06:12 Farm
06:12 Farm
07:15 Guard Tower
08:25 Barracks
23:13 Farm
23:13 Farm
23:13 Farm
25:22 Town Hall
25:53 Scout Tower
25:54 Scout Tower
25:54 Scout Tower
26:28 Guard Tower
37:37 Town Hall
» items
| Scroll of Regeneration | 2 | |
| Lesser Clarity Potion | 2 | |
| Mechanical Critter | 2 | |
| Boots of Speed | 1 | |
| Staff of Teleportation | 1 | |
| Ivory Tower | 2 | |
| Scroll of Town Portal | 5 | |
| Potion of Lesser Invulnerability | 2 | |
| Healing Salve | 1 | |
| Potion of Healing | 1 | |
19 total
team 2 (winner)

»
stapler (
blue | 85 APM | 2126 actions | 25:09)
6 Priestess of the Moon
2 Searing Arrows
3 Trueshot Aura
1 Starfall
4 Keeper of the Grove
2 Entangling Roots
2 Thorns Aura
2 Naga Sea Witch
1 Frost Arrows
1 Forked Lightning
» actions
| Assign group hotkey | 30 | |
| Basic commands | 209 | |
| Build / train | 88 | |
| ESC pressed | 4 | |
| Enter build submenu | 15 | |
| Enter hero's abilities submenu | 12 | |
| Right click | 556 | |
| Select / deselect | 306 | |
| Select group hotkey | 838 | |
| Use ability | 68 | |
2126 total
» units
| Wisp | 15 | |
| Archer | 22 | |
| Druid of the Talon | 6 | |
43 total
» upgrades
| Strength of the Moon | 3 | |
| Moon Armor | 3 | |
| Improved Bows | 1 | |
| Marksmanship | 1 | |
| Well Spring | 1 | |
9 total
» buildings
| Moon Well | 5 | |
| Ancient of War | 2 | |
| Altar of Elders | 1 | |
| Hunter's Hall | 2 | |
| Tree of Ages | 4 | |
| Tree of Eternity | 2 | |
| Ancient of Wind | 2 | |
| Ancient of Wonders | 1 | |
19 total
» build order
00:34 Moon Well
01:03 Ancient of War
01:16 Altar of Elders
01:29 Moon Well
02:36 Ancient of War
02:44 Moon Well
03:13 Moon Well
04:34 Hunter's Hall
04:36 Hunter's Hall
04:58 Tree of Ages
04:59 Tree of Ages
07:38 Tree of Eternity
07:38 Tree of Eternity
18:59 Ancient of Wind
19:02 Ancient of Wind
19:05 Moon Well
20:05 Ancient of Wonders
» items
| Scroll of Town Portal | 1 | |
| Potion of Healing | 1 | |
2 total

»
krause08 (
orange | 67 APM | 1755 actions | 26:09)
5 Death Knight
2 Death Coil
2 Unholy Aura
1 Death Pact
» actions
| Assign group hotkey | 22 | |
| Basic commands | 88 | |
| Build / train | 74 | |
| ESC pressed | 7 | |
| Enter build submenu | 34 | |
| Enter hero's abilities submenu | 6 | |
| Give item / drop item | 2 | |
| Right click | 743 | |
| Select / deselect | 337 | |
| Select group hotkey | 378 | |
| Use ability | 64 | |
1755 total
» units
| Acolyte | 12 | |
| Ghoul | 5 | |
| Crypt Fiend | 21 | |
| Frost Wyrm | 5 | |
43 total
» upgrades
| Creature Attack | 4 | |
| Creature Carapace | 3 | |
| Web | 1 | |
| Burrow | 1 | |
| Freezing Breath | 1 | |
10 total
» buildings
| Ziggurat | 13 | |
| Crypt | 2 | |
| Altar of Darkness | 1 | |
| Nerubian Tower | 2 | |
| Graveyard | 2 | |
| Tomb of Relics | 1 | |
| Halls of the Dead | 1 | |
| Spirit Tower | 8 | |
| Black Citadel | 1 | |
| Sacrificial Pit | 1 | |
| Boneyard | 2 | |
| Necropolis | 1 | |
35 total
» build order
00:06 Ziggurat
00:08 Crypt
00:41 Altar of Darkness
00:58 Nerubian Tower
01:41 Ziggurat
02:02 Graveyard
02:20 Graveyard
02:28 Tomb of Relics
02:52 Crypt
03:08 Ziggurat
05:03 Halls of the Dead
05:44 Spirit Tower
07:02 Ziggurat
09:48 Spirit Tower
10:13 Black Citadel
11:34 Sacrificial Pit
14:08 Boneyard
14:37 Ziggurat
14:41 Ziggurat
15:04 Necropolis
15:31 Ziggurat
15:39 Spirit Tower
16:18 Ziggurat
16:22 Ziggurat
16:26 Nerubian Tower
16:52 Spirit Tower
17:35 Spirit Tower
17:57 Boneyard
18:02 Spirit Tower
19:42 Ziggurat
19:43 Ziggurat
20:11 Ziggurat
20:12 Ziggurat
20:58 Spirit Tower
22:25 Spirit Tower
» items
| Scroll of Town Portal | 2 | |
| Orb of Corruption | 1 | |
3 total

»
0h4IOjlEo19ecT (
purple | 77 APM | 2006 actions | 26:11)
4 Demon Hunter
1 Immolation
1 Evasion
2 Mana Burn
3 Priestess of the Moon
2 Trueshot Aura
1 Scout
» actions
| Assign group hotkey | 45 | |
| Basic commands | 1 | |
| Build / train | 61 | |
| Enter build submenu | 16 | |
| Enter hero's abilities submenu | 7 | |
| Right click | 893 | |
| Select / deselect | 213 | |
| Select group hotkey | 720 | |
| Use ability | 50 | |
2006 total
» units
» upgrades
| Strength of the Wild | 2 | |
| Abolish Magic | 1 | |
| Reinforced Hides | 1 | |
| Ultravision | 1 | |
5 total
» buildings
| Altar of Elders | 1 | |
| Moon Well | 6 | |
| Ancient of War | 1 | |
| Tree of Ages | 1 | |
| Hunter's Hall | 1 | |
| Ancient of Lore | 4 | |
| Tree of Eternity | 1 | |
| Ancient of Wonders | 2 | |
17 total
» build order
00:13 Altar of Elders
00:29 Moon Well
00:48 Ancient of War
01:30 Moon Well
02:54 Moon Well
03:23 Tree of Ages
03:54 Hunter's Hall
05:11 Moon Well
05:55 Ancient of Lore
05:57 Ancient of Lore
06:10 Moon Well
07:27 Ancient of Lore
12:25 Moon Well
17:06 Tree of Eternity
17:20 Ancient of Wonders
19:14 Ancient of Wonders
22:51 Ancient of Lore
» items
| Boots of Speed | 1 | |
| Scroll of Town Portal | 1 | |
| Orb of Fire | 1 | |
| Potion of Healing | 1 | |
4 total
BloodAndTears (
teal | 76 APM | 3017 actions | 39:27)
8 Archmage
3 Summon Water Elemental
3 Brilliance Aura
1 Mass Teleport
1 Blizzard
2 Death Knight
1 Death Coil
1 Unholy Aura
» actions
| Assign group hotkey | 67 | |
| Basic commands | 33 | |
| Build / train | 75 | |
| Enter build submenu | 47 | |
| Enter hero's abilities submenu | 10 | |
| Give item / drop item | 3 | |
| Remove unit from queue | 1 | |
| Right click | 1539 | |
| Select / deselect | 369 | |
| Select group hotkey | 756 | |
| Use ability | 117 | |
3017 total
» units
| Peasant | 12 | |
| Footman | 4 | |
| Gryphon Rider | 3 | |
| Dragonhawk Rider | 7 | |
26 total
» upgrades
| Lumber Harvesting | 2 | |
| Masonry | 3 | |
| Storm Hammers | 1 | |
| Swords | 3 | |
| Armor | 4 | |
| Animal War Training | 1 | |
| Cloud | 1 | |
15 total
» buildings
| Altar of Kings | 1 | |
| Barracks | 1 | |
| Farm | 11 | |
| Scout Tower | 31 | |
| Arcane Tower | 1 | |
| Keep | 1 | |
| Lumber Mill | 2 | |
| Arcane Vault | 2 | |
| Castle | 1 | |
| Gryphon Aviary | 4 | |
| Blacksmith | 2 | |
| Town Hall | 2 | |
| Guard Tower | 7 | |
| Moon Well | 3 | |
| Arcane Sanctum | 1 | |
70 total
» build order
00:49 Altar of Kings
00:51 Barracks
00:54 Farm
00:56 Farm
00:57 Farm
01:05 Farm
01:43 Farm
02:16 Scout Tower
03:02 Arcane Tower
03:27 Keep
04:12 Lumber Mill
04:50 Arcane Vault
06:28 Castle
07:11 Gryphon Aviary
07:11 Gryphon Aviary
07:12 Gryphon Aviary
07:13 Gryphon Aviary
07:17 Blacksmith
07:20 Blacksmith
08:08 Farm
09:53 Farm
09:57 Farm
12:19 Town Hall
12:25 Scout Tower
12:25 Scout Tower
12:26 Scout Tower
12:27 Scout Tower
12:29 Scout Tower
12:29 Scout Tower
12:29 Scout Tower
12:30 Scout Tower
12:30 Scout Tower
12:31 Scout Tower
12:32 Scout Tower
12:33 Scout Tower
12:36 Arcane Vault
13:11 Guard Tower
14:00 Guard Tower
14:29 Guard Tower
19:49 Scout Tower
19:50 Scout Tower
19:50 Scout Tower
19:51 Scout Tower
19:52 Scout Tower
19:52 Scout Tower
19:53 Scout Tower
20:00 Scout Tower
20:01 Scout Tower
20:02 Scout Tower
20:06 Scout Tower
20:13 Scout Tower
20:19 Lumber Mill
20:52 Guard Tower
20:55 Guard Tower
21:25 Guard Tower
25:11 Guard Tower
30:03 Moon Well
30:04 Moon Well
30:04 Moon Well
30:36 Farm
30:38 Farm
30:40 Farm
33:02 Scout Tower
35:09 Town Hall
38:31 Arcane Sanctum
» items
| Scroll of Regeneration | 3 | |
| Mechanical Critter | 2 | |
| Potion of Healing | 1 | |
| Scroll of Town Portal | 3 | |
| Periapt of Vitality | 1 | |
| Staff of Teleportation | 1 | |
| Potion of Lesser Invulnerability | 1 | |
12 total
Chat log
(00:14 / Allies) krause08: blue you fucking idiot
(00:20 / Allies) krause08: we could have won that last game
(00:36 / Allies) krause08: when you are getting surround you tp out
(01:07 / All) SWEET-MONROE: who is excited for frozen 2?
(01:35 / Allies) krause08: fiends
(01:38 / All) BloodAndTears: never watched frozen 1
(01:53 / All) BloodAndTears: new disney suck
(01:56 / All) SWEET-MONROE: best disney movie since the sandlot
(02:01 / All) SWEET-MONROE: and aladdin
(02:07 / All) BloodAndTears: pfft
(04:42 / All) krause08: red you pussy, fight
(04:46 / All) krause08: you could have easily taken him
(06:23 / Allies) stapler: one sec
(07:14 / Allies) krause08: ancient one first
(08:07 / Allies) stapler: gotta heal
(08:58 / Allies) stapler: k
(10:33 / Allies) stapler: defend
(10:37 / All) ColdHearted: JESUS CHRIST
(10:38 / Allies) stapler: ALL GO
(10:39 / All) BloodAndTears: am I only one lagging?
(10:43 / All) SWEET-MONROE: yes
(10:50 / All) ColdHearted: no
(10:51 / All) ColdHearted: pink too
(10:58 / All) stapler: COOL HEROS
(11:00 / All) stapler: OOPS
(11:45 / Allies) stapler: WHO NEEDS GOLD
(12:00 / Allies) stapler: K GO
(12:03 / Allies) krause08: teal
(12:29 / Allies) krause08: COME TEAL
(13:00 / Allies) stapler: side
(13:05 / Allies) stapler: back
(13:07 / Allies) stapler: MORON STY TOGHER
(13:31 / Allies) stapler: repair
(13:34 / All) BloodAndTears: I missed out on lots of sweet exp when I was lagging
(13:47 / Allies) stapler: gj
(14:18 / Allies) stapler: who needs gold
(14:21 / Allies) krause08: me
(14:22 / Allies) krause08: pelase
(14:24 / Allies) BloodAndTears: me
(14:27 / Allies) krause08: ty
(16:04 / Allies) krause08: no
(16:08 / Allies) krause08: towes
(17:09 / Allies) krause08: need siege
(19:19 / Allies) stapler: we ok?
(19:23 / Allies) stapler: not me
(19:44 / All) BloodAndTears: this lag
(19:55 / Allies) BloodAndTears: lumber anyone?
(20:13 / Allies) krause08: gold please
(20:17 / Allies) krause08: teal
(20:19 / Allies) krause08: ?
(20:43 / Allies) 0h4IOjlEo19ecT: teal use gryphs
(21:23 / Allies) stapler: b
(21:23 / Allies) krause08: teal, you have 6k gold
(21:23 / Allies) stapler: b
(21:24 / Allies) krause08: please share
(21:30 / Allies) BloodAndTears: sorry fighting lag
(22:12 / Allies) stapler: fuck the expo
(22:17 / Allies) stapler: jeuss
(22:46 / Allies) krause08: they're gonna take out my expo
(23:03 / All) ColdHearted: faerie fire isso gay
(23:22 / Allies) krause08: main
(23:52 / Allies) krause08: tp
(24:05 / Allies) stapler: dude
(24:05 / Allies) stapler: wtf
(24:06 / Allies) stapler: really?
(24:09 / Allies) stapler: u just blew the game
(24:17 / Allies) krause08: what do you mean wtf
(24:19 / Allies) krause08: i said tp
(24:26 / Allies) BloodAndTears: your hall was too low health
(24:27 / Allies) BloodAndTears: for anyone else to
(24:28 / Allies) stapler: SO WHAT NO ONE TP'D
(24:29 / Allies) stapler: DUDE
(24:30 / Allies) krause08: expos win games
(24:37 / All) SWEET-MONROE: gj retard oj
(24:40 / Allies) stapler: U JUST LOST THE GAME MORON
(24:40 / All) SWEET-MONROE: fuckin gnigger
(24:44 / All) stapler: see
(24:46 / All) krause08: no one else tp
(24:50 / All) stapler: oj is a fucking moron
(24:51 / Allies) BloodAndTears: we couldn't
(24:51 / All) krause08: obviously I was going to lose
(24:58 / All) stapler: hes blaming us. hes like "i said tp" lol
(25:01 / All) krause08: told them tp when main hall was 3/4 health
(25:05 / All) krause08: no one tp;d
(25:26 / All) krause08: teal sitting over here with 8.5k gold
(25:33 / All) shame: LOL
(25:36 / All) BloodAndTears: I'm saving for next game
(26:23 / All) SWEET-MONROE: ur team are such babies
(26:34 / All) ColdHearted: I'm abrely payying attention all game
(30:14 / All) SWEET-MONROE: raped
(30:16 / All) SWEET-MONROE: pink
(30:17 / All) SWEET-MONROE: lawl
(30:26 / All) BloodAndTears: just killed my own frog with towers
(30:27 / All) SWEET-MONROE: imbecile bitch
(30:33 / All) SWEET-MONROE: trump will pawn ur spic ass
(30:36 / All) SWEET-MONROE: keep u out of USA
(30:40 / All) SWEET-MONROE: trump >mexico
(30:47 / All) ColdHearted: Pink doesn't like your mother
(31:54 / All) SWEET-MONROE: trump will keep pinks spic ass out of our country
(32:58 / All) SWEET-MONROE: get back
(33:22 / All) BloodAndTears: where you at candy ass red
(33:42 / All) shame: getting tked
(34:08 / All) SWEET-MONROE: trump > mexico pink
(34:12 / All) BloodAndTears: tp on him
(34:24 / All) shame: weak
(34:28 / All) BloodAndTears: die pussy
(35:30 / All) BloodAndTears: orange said blue cost them the last game
(35:33 / All) BloodAndTears: then he did that LOL
(35:40 / All) SWEET-MONROE: lawl
(35:42 / All) SWEET-MONROE: irony
(35:45 / All) SWEET-MONROE: That is irony
(35:47 / All) BloodAndTears: he was right in that we sohuld have defended his expo
(35:52 / All) BloodAndTears: but he shouldn't have tped like that
(35:54 / All) SWEET-MONROE: oj completely turned this game aorund with his shit tp
(36:09 / All) BloodAndTears: I thought I was gonna drop
(36:15 / All) ColdHearted: ME2
(36:18 / All) BloodAndTears: I think I just need to reboot
(36:20 / All) SWEET-MONROE: me3
(36:31 / All) BloodAndTears: they had so much tier 1 and casters
(37:00 / All) BloodAndTears: you should be able to buy stun scrolls
(37:49 / All) BloodAndTears: you can buy healing scrolls which is pally ability
(37:56 / All) BloodAndTears: you should be able to buy stun scrolls